Map: Frozen Temple

Players

Miszu

  • Race: Terran Terran
  • League: Master

HOODOUT - Winner!

  • Race: Zerg Zerg
  • League: Master

VOD

Have the link to the VOD?

Description

Time

  • Played on: April 6, 2016, 2:14 p.m.
  • Length: 2:35
Show
View Real Time Build Order
Export as new Build Order

Miszu Terran 

Build Orders: Reaper Expand 

Get SALT Encoding   

  12  0:00  SCV  
  13  0:13  SCV  
  14  0:18  Supply Depot  
  14  0:25  SCV  
  15  0:40  SCV  
  15  0:42  Barracks  
  16  0:45  Refinery  
  16  0:52  SCV  
  17  1:04  SCV  
  18  1:17  SCV  
  19  1:29  Orbital Command  
  19  1:30  Reaper  
  20  1:40  Command Center  
  20  1:51  Supply Depot  
  20  1:55  SCV  
  21  2:02  Marine  
  21  2:07  SCV  
  23  2:08  Factory  
  23  2:14  Refinery  
  23  2:19  SCV  
  23  2:25  Barracks Reactor  
Show
View Real Time Build Order
Export as new Build Order

HOODOUT Zerg - Winner!

Build Orders: Pool First 

Get SALT Encoding   

  12  0:01  Drone  
  13  0:09  Drone  
  13  0:13  Extractor  
  13  0:17  Drone  
  14  0:32  Spawning Pool  
  13  0:36  Drone  
  14  0:43  Extractor, Drone  
  15  0:51  Overlord  
  15  1:20  Zergling x6  
  15  1:25  Queen  
  18  1:31  Zergling x2  
  21  1:51  Hatchery  
  21  1:53  Drone  
  21  1:57  Drone  
  22  2:08  Overlord  
Tags
 
Add a new tag
Caveats
  • Supply blocks, unpowered buildings, or Contaminate may cause inaccurate times.
  • Supply counts are checked every 10 seconds.